 Dungeon Crawl Stone Soup version 0.21-a0-55-gb612c23 (webtiles) character file.

177 grindst0ne the Sneak (level 5, -7/41 HPs)
             Began as a Vampire Enchanter on June 15, 2017.
             Mangled by Natasha (10 damage)
             ... on level 3 of the Dungeon.
             The game lasted 00:07:35 (3873 turns).

grindst0ne the Sneak (Vampire Enchanter)            Turns: 3873, Time: 00:07:36

Health: -7/41      AC:  2    Str:  7    XL:     5   Next: 30%
Magic:  1/8        EV: 13    Int: 15    God:
Gold:   100        SH:  0    Dex: 16    Spells: 5/8 levels left

rFire    . . .     SeeInvis +   k - +2 dagger (venom)
rCold    + + .     Gourm    +   (no shield)
rNeg     + + +     Faith    .   b - +0 robe
rPois    ∞         Spirit   .   (no helmet)
rElec    .         Reflect  .   t - scarf {repulsion}
rCorr    .         Harm     .   (no gloves)
MR       .....                  (no boots)
Stlth    +++++.....             i - amulet of the gourmand
HPRegen  0.00/turn              (no ring)
MPRegen  0.11/turn              (no ring)

@: very slightly contaminated, bloodless, non-regenerating, slowed, repel
missiles, very slow
A: fangs 3, see invisible, dopey 1, unbreathing, evolution 1, sturdy frame 1
a: Bat Form


You were on level 3 of the Dungeon.
You were bloodless.

You visited 1 branch of the dungeon, and saw 3 of its levels.

You collected 100 gold pieces.

Inventory:

Hand Weapons
 a - a +1 dagger
 e - a +0 short sword
 k - a +2 dagger of venom (weapon)
 u - a +0 short sword of venom
Armour
 b - a +0 robe (worn)
 t - a scarf of repulsion (worn)
Jewellery
 i - an amulet of the gourmand (around neck)
 o - a cursed -3 ring of dexterity {unknown}
 p - a cursed -2 ring of evasion {unknown}
Scrolls
 d - a scroll of random uselessness {unknown}
 f - 4 scrolls of identify {unknown}
 g - 2 scrolls of recharging {unknown}
 h - a scroll of teleportation {unknown}
 m - 2 scrolls of blinking {unknown}
 n - a scroll of magic mapping {unknown}
 s - 2 scrolls of remove curse {unknown}
 v - a scroll of amnesia {unknown}
Potions
 l - a potion of curing {unknown}
 q - 17 potions of blood
 r - 2 potions of invisibility {unknown}
Books
 c - a book of Maledictions

   Spells                             Type                      Level
   a - Corona                         Hexes                        1
   b - Ensorcelled Hibernation        Hexes/Ice                    2
   c - Confuse                        Hexes                        3
   d - Tukima's Dance                 Hexes                        3
   e - Dazzling Spray                 Conjuration/Hexes            3


   Skills:
 - Level 3.1 Fighting
 - Level 1.1 Short Blades
 - Level 2.1 Dodging
 + Level 6.2 Stealth
 - Level 2.0 Spellcasting
 + Level 5.5 Hexes


You had 5 spell levels left.
You knew the following spells:

 Your Spells              Type           Power        Failure   Level  Hunger
b - Ensorcelled Hibernat  Hex/Ice        #.....       11%         2    ###....
o - Corona                Hex            ###....      2%          1    #......


Dungeon Overview and Level Annotations

Branches:
Dungeon (3/15)

Altars:
Hepliaklqana
Wu Jian

Annotations:
D:3 Natasha


Innate Abilities, Weirdness & Mutations

You do not heal naturally.
You are immune to poison.
You have razor-sharp teeth.
You have supernaturally acute eyesight. (SInv)
You can survive without breathing.
You are dopey. (Int -2)
You evolve.
Your movements are slightly less encumbered by armour. (ER -2)


Message History

* * * LOW HITPOINT WARNING * * *
The teleport trap disappears.
The shadow imp disappears!
Natasha mewls in sadness.
Natasha casts a spell at you.
You feel yourself slow down.
The iron imp laughs crazily.
Found a robe.
Natasha howls an incantation.
Natasha glows brightly for a moment.
Natasha closely misses you. Natasha claws you!
* * * LOW HITPOINT WARNING * * *
Natasha barely misses you.
You see here a rapier.
It was a potion of mutation.
You feel extremely strange.
You feel nature experimenting on you.
Don't worry, failures die fast.
You feel stupid.
You feel less encumbered by your armour.
Natasha claws you!
You die...

#....%# #............'.
#.....########.######.##.
#...55'..# #.# #.###
#.....##.# ###%# #.#
#.....##5# #...# #.#
#.....##5# #.########.#
#.....##.# #..........#
########h# #..#########
#@# #..#####...# #.#
#.##...###.### #.#
###.....##.... #.#
#...%...#...# #.#
#..._...#.... #[#
#.......#.(.. #..
##.....##.... ###
##...###.... ##.##......


You could see an iron imp, Natasha and a shadow imp.

Vanquished Creatures
  An orc priest (D:3)
  Jessica (D:2)
  5 adders
  An ooze (D:1)
  2 worms (D:2)
  A leopard gecko (D:3)
  4 orcs (D:3)
  6 giant cockroaches
  7 goblins
  9 hobgoblins
  4 jackals
  4 kobolds
  A quokka (D:2)
  5 bats
  2 frilled lizards
  7 rats
60 creatures vanquished.

Notes
Turn   | Place    | Note
-------+----------+-------------------------------------------
     0 | D:1      | grindst0ne the Vampire Enchanter began the quest for the Orb.
     0 | D:1      | Reached XP level 1. HP: 13/13 MP: 3/3
   721 | D:1      | Reached skill level 1 in Fighting
   955 | D:1      | Reached XP level 2. HP: 21/21 MP: 5/5
   965 | D:1      | Learned a level 2 spell: Ensorcelled Hibernation
  1676 | D:2      | Reached XP level 3. HP: 22/28 MP: 6/6
  1685 | D:2      | Noticed Jessica
  2607 | D:2      | Found an ornate altar of the Wu Jian Council.
  2684 | D:2      | Reached XP level 4. HP: 27/35 MP: 4/7
  3077 | D:2      | Reached skill level 5 in Stealth
  3085 | D:2      | Killed Jessica
  3085 | D:2      | Reached skill level 5 in Hexes
  3278 | D:3      | Found a hazy altar of Hepliaklqana.
  3664 | D:3      | Reached skill level 6 in Stealth
  3664 | D:3      | Reached XP level 5. HP: 41/41 MP: 8/8
  3851 | D:3      | Noticed Natasha
  3873 | D:3      | Gained mutation: You evolve. [potion of mutation]
  3873 | D:3      | Gained mutation: You are dopey. (Int -2) [potion of mutation]
  3873 | D:3      | Gained mutation: Your movements are slightly less encumbered by armour. (ER -2) [potion of mutation]
  3873 | D:3      | Mangled by Natasha

Vault maps used:
D:1:      enne_arrival_octagon_isle, grunt_decor_one_mirror, minmay_surrounded
D:2:      lemuel_round_altar, uniq_jessica
D:3:      lemuel_round_altar, first_bread, uniq_natasha

Skill      XL: |  1  2  3  4 |
---------------+-------------+-----
Fighting       | 1 2 3 |  3.1
Stealth        | 6 |  6.2
Hexes          | 5 |  5.5
Short Blades   | |  1.1
Dodging        | |  2.1
Spellcasting   | |  2.0

Action                   |  1- 3 |  4- 6 || total
-------------------------+-------+-------++-------
Melee: Dagger            |    59 |    46 ||   105
       Short sword       |    31 |       ||    31
       Bite              |     4 |     6 ||    10
 Cast: Ensorcelled Hiber |    23 |    22 ||    45
 Abil: End Transformatio |     1 |       ||     1
       Bat Form          |     1 |       ||     1
  Use: Potion            |     1 |     1 ||     2
 Stab: Sleeping          |    18 |    17 ||    35
Armor: Robe              |    20 |     5 ||    25
Dodge: Dodged            |    54 |    33 ||    87
